 Dungeon Crawl Stone Soup version 0.31.0-12-g77e489cdc1 (webtiles) character file.

Game seed: 6085641265255122264

4501 dirge the Fighter (level 10, -11/86 (91) HPs)
             Began as a Minotaur Monk on Feb 27, 2024.
             Was an Elder of Okawaru.
             Killed by nerve-wracking pain
             ... invoked by an orc priest
              (14 damage)
             ... on level 7 of the Dungeon.
             The game lasted 00:19:59 (8555 turns).

dirge the Fighter (Minotaur Monk)                   Turns: 8555, Time: 00:19:59

HP:   -11/86 (91)   AC: 15    Str: 19    XL:     10   Next: 16%
MP:   8/10          EV:  9    Int:  7    God:    Okawaru [****..]
Gold: 285           SH:  0    Dex: 14    Spells: 9/9 levels left

rFire   . . .        a - +2 scythe (venom)
rCold   + . .        (shield currently unavailable)
rNeg    . . .        r - +0 plate armour
rPois   .            (helmet restricted)
rElec   .            g - scarf {shadows}
rCorr   .            (no gloves)
SInv    .            (no boots)
Will    .....        (no amulet) Stlth
                     h - ring of protection from cold
HPRegen 0.34/turn    (no ring)
MPRegen 0.12/turn

%: no passive effects
@: heroic, mesmerised, drained
A: horns 2, retaliatory headbutt
a: Renounce Religion, Heroism, Finesse


You were on level 7 of the Dungeon.
You worshipped Okawaru.
Okawaru was greatly pleased with you.
You visited 2 branches of the dungeon, and saw 9 of its levels.

You collected 375 gold pieces.
You spent 90 gold pieces at shops.

Inventory:

Hand Weapons
 a - a +2 scythe of venom (weapon)
 b - a +0 longbow
 m - a +0 hand axe
 t - a +1 flail of draining
 z - a +0 trident of flaming
 B - a +0 whip of electrocution
Missiles
 p - 3 curare-tipped darts (quivered)
 A - 19 poisoned darts
Armour
 d - an orb of light
 g - a scarf of shadows (worn)
 q - a +0 scale mail
 r - a +0 plate armour (worn)
 s - the +3 buckler "Mosoam" {Rampage rCorr Dex-5}
   (You found it on level 3 of the Dungeon)

   Dex-5:     It affects your dexterity (-5).
   rCorr:     It protects you from acid and corrosion.
   Rampage:   It bestows one free step when moving towards enemies.
Jewellery
 h - a ring of protection from cold (left hand)
Wands
 w - a wand of paralysis (8)
 y - a wand of flame (31)
 I - a wand of iceblast (12)
 J - a wand of quicksilver (7)
Scrolls
 e - 3 scrolls of identify
 j - 2 scrolls of blinking
 o - 3 scrolls of fog
 C - 2 scrolls of teleportation
 F - a scroll of enchant weapon {unknown}
 G - a scroll of fear {unknown}
 H - 2 scrolls of enchant armour {unknown}
 K - a scroll of silence {unknown}
 L - a scroll of amnesia {unknown}
Potions
 c - a potion of ambrosia
 f - 2 potions of heal wounds {unknown}
 i - a potion of haste
 k - 3 potions of lignification {unknown}
 l - 5 potions of curing
 n - a potion of enlightenment {unknown}
 u - 2 potions of attraction {unknown}
 v - 2 potions of degeneration {unknown}
 x - a potion of invisibility {unknown}
 D - 2 potions of brilliance {unknown}
 E - a potion of cancellation {unknown}


   Skills:
 + Level 9.4(14.4) Fighting
 - Level 5.5(12.9) Axes
 * Level 8.7(14.4) Polearms
 + Level 4.8(9.8) Ranged Weapons
 + Level 5.3(10.3) Throwing
 + Level 6.3(11.3) Armour
 - Level 4.2(9.2) Dodging
 - Level 3.0(8.0) Shields
 * Level 2.3 Invocations


You had 9 spell levels left.
You didn't know any spells.
Your spell library was empty.

Dungeon Overview and Level Annotations

Branches:
Dungeon (8/15)             Temple (1/1) D:4
   Lair: D:8-11

Altars:
Ashenzari
Cheibriados
Dithmenos
Elyvilon
Fedhas
Gozag
Hepliaklqana
Kikubaaqudgha
Makhleb
Nemelex Xobeh
Okawaru
Qazlal
Sif Muna
Trog
Uskayaw
Wu Jian
Xom
Yredelemnul
Zin
The Shining One

Shops:
D:4 *

Annotations:
D:7 Jeremiah, Joseph, Maggie


Innate Abilities, Weirdness & Mutations

You have a pair of horns on your head.
You reflexively headbutt those who attack you in melee.


Message History

Maggie hits you with a +2 glaive of flaming.
Maggie burns you.
The orc wizard gestures wildly while chanting.
The orc wizard flickers and vanishes!
Deactivating autopickup; reactivate with Ctrl-A.
You slash Maggie!
Maggie is moderately wounded.
Maggie mumbles some strange words.
Maggie draws you further into her thrall.
Unknown command.
You closely miss Maggie.
Maggie is moderately wounded.
The orc priest calls down the wrath of Beogh upon you.
Beogh smites you!
Maggie hits you with a +2 glaive of flaming!
Maggie burns you.
Unknown command.
You hit Maggie.
Maggie looks as sick as possible!
You headbutt Maggie, but do no damage.
Maggie is heavily wounded.
The butterfly disappears in a burst of colours!
Maggie casts a spell at you. The bolt of fire misses you.
The bolt of fire hits something!!
Reactivating autopickup.
The bolt of fire hits the butterfly!!
The butterfly dies!
The butterfly disappears in a burst of colours!
The orc priest mumbles some strange prayers to Beogh against you.
Beogh smites you!
* * * LOW HITPOINT WARNING * * *
Okay, then.
You gain the combat prowess of a mighty hero.
The butterfly disappears in a burst of colours!
Maggie hits you with a +2 glaive of flaming!
* * * LOW HITPOINT WARNING * * *
Maggie burns you.
* * * LOW HITPOINT WARNING * * *
The orc priest mumbles some strange prayers to Beogh against you.
Pain shoots through your body!
You die...

## ###.# # #.
.?#.#
##.##.###.#.#
.....[>.bb..####
#.....).†.b....
.....@@)b.b.###
#..##..o..#.# #.
#..bbb# # #
#####......o
.Fb.#.## ######


You could see Maggie (mesmerising, extremely poisoned), Jeremiah and an orc
priest.

Vanquished Creatures
  A two-headed ogre (D:8)
  Psyche (D:8)
  Sigmund (D:3)
  A steam dragon (D:7)
  4 water moccasins
  Duvessa (D:7)
  An orc warrior (D:6)
  2 ice beasts
  2 ogres
  A centaur (D:8)
  A phantom (D:5)
  A gnoll sergeant (D:7)
  3 kobold brigands
  2 bullfrogs (D:6)
  3 scorpions
  Dowan (D:7)
  9 killer bees (D:8)
  2 howler monkeys
  2 electric eels (D:3)
  2 hounds
  A bombardier beetle (D:6)
  7 orc priests
  Crazy Yiuf (D:5)
  2 gnoll boudas
  3 sleepcaps
  Ijyb (D:3)
  4 iguanas
  6 orc wizards
  13 gnolls
  5 adders
  4 ufetubi (D:6)
  4 ribbon worms
  52 orcs
  6 bats
  12 endoplasms
  9 goblins
  5 hobgoblins
  24 kobolds
  6 quokkas
  6 ball pythons
  4 frilled lizards
  7 rats
223 creatures vanquished.

Vanquished Creatures (others)
  A human (D:8)
  An orc wizard (D:7)
2 creatures vanquished.

Grand Total: 225 creatures vanquished

Notes
Turn   | Place    | Note
-------+----------+-------------------------------------------
     0 | D:1      | dirge the Minotaur Monk began the quest for the Orb.
     0 | D:1      | Reached XP level 1. HP: 19/19 MP: 0/0
   262 | D:1      | Reached XP level 2. HP: 24/27 MP: 1/1
   266 | D:1      | Reached skill level 4 in Fighting
   780 | D:2      | Reached XP level 3. HP: 33/33 MP: 2/2
   901 | D:2      | Reached XP level 4. HP: 5/41 MP: 3/3
   901 | D:2      | HP: 2/41 [gnoll/+0 whip (4)]
   905 | D:2      | Reached skill level 1 in Armour
  1986 | D:3      | Found a transporter.
  2069 | D:3      | Noticed Sigmund
  2077 | D:3      | Reached skill level 5 in Fighting
  2077 | D:3      | Killed Sigmund
  2078 | D:3      | Reached skill level 5 in Axes
  2078 | D:3      | Reached skill level 1 in Throwing
  2078 | D:3      | Reached XP level 5. HP: 17/49 MP: 4/4
  2078 | D:3      | Reached XP level 6. HP: 19/56 MP: 5/5
  2261 | D:3      | Found a transporter.
  2320 | D:3      | Identified the +3 buckler "Mosoam" {Rampage rCorr Dex-5}
  2386 | D:3      | Reached skill level 1 in Polearms
  2562 | D:3      | Found a hazy altar of Hepliaklqana.
  2643 | D:3      | Noticed Ijyb
  2644 | D:3      | Paralysed by Ijyb for 2 turns
  2650 | D:3      | Killed Ijyb
  3058 | D:3      | HP: 1/57 [electric eel/bolt of electricity (4)]
  3059 | D:3      | Reached skill level 6 in Fighting
  3378 | D:4      | Found Xycu's General Store.
  3385 | D:4      | Bought a scroll of blinking for 90 gold pieces
  3400 | D:4      | Found a staircase to the Ecumenical Temple.
  3413 | D:4      | Reached XP level 7. HP: 54/64 MP: 6/6
  3445 | Temple   | Entered the Ecumenical Temple
  3467 | Temple   | Became a worshipper of Warmaster Okawaru
  3467 | Temple   | Reached * piety under Okawaru
  3467 | Temple   | Reached ** piety under Okawaru
  4771 | D:5      | Entered Level 5 of the Dungeon
  5009 | D:5      | Found an ornate altar of the Wu Jian Council.
  5009 | D:5      | Found a shimmering blue altar of Sif Muna.
  5082 | D:5      | Reached skill level 1 in Ranged Weapons
  5101 | D:5      | Reached skill level 7 in Fighting
  5223 | D:5      | Reached XP level 8. HP: 73/73 MP: 7/7
  5618 | D:5      | Reached skill level 5 in Polearms
  5739 | D:5      | Reached skill level 1 in Shields
  5847 | D:5      | Found a runed translucent door.
  5849 | D:5      | Noticed Crazy Yiuf
  5855 | D:5      | Killed Crazy Yiuf
  5929 | D:6      | Reached skill level 8 in Fighting
  6142 | D:6      | Reached *** piety under Okawaru
  6387 | D:6      | Reached skill level 1 in Invocations
  6387 | D:6      | Reached XP level 9. HP: 52/82 MP: 8/8
  7008 | D:7      | Noticed Duvessa
  7010 | D:7      | Noticed Dowan
  7020 | D:7      | Killed Dowan
  7021 | D:7      | Reached skill level 5 in Armour
  7021 | D:7      | Noticed Joseph
  7026 | D:7      | Killed Duvessa
  7040 | D:7      | Noticed Jeremiah
  7443 | D:8      | Reached **** piety under Okawaru
  7626 | D:8      | Noticed a two-headed ogre
  7643 | D:8      | Killed a two-headed ogre
  7644 | D:8      | Reached skill level 9 in Fighting
  7644 | D:8      | Reached skill level 5 in Throwing
  7742 | D:8      | Noticed Psyche
  7749 | D:8      | Killed Psyche
  7750 | D:8      | Reached XP level 10. HP: 72/91 MP: 10/10
  8296 | D:8      | Found an ancient bone altar of Kikubaaqudgha.
  8546 | D:7      | Noticed Maggie
  8555 | D:7      | HP: 3/86 [Maggie/+2 glaive of flaming (5)]
  8555 | D:7      | Killed from afar by an orc priest

Illustrated notes

Levels and vault maps discovered:
D:1:      dpeg_chamrin_arrival_tetris, layout_basic, minmay_cut_off
D:2:      layout_loops_corners
D:3:      gammafunk_steamed_eel, layout_loops_cross,
          worldfamousw_hep_ancestral_shrine, uniq_ijyb, uniq_sigmund
D:4:      layout_layer_cave, minmay_temple_entry_overgrown, serial_shops,
          shop_fountains
D:5:      layout_loops_corners, gammafunk_temple_overflow_wave,
          uniq_crazy_yiuf_cottage
D:6:      layout_cave_pools
D:7:      layout_loops_ring, ebering_ghost_rock_garden, uniq_jeremiah,
          uniq_maggie, uniq_duvessa, uniq_joseph
D:8:      layout_rooms, tgw_kikubaaqudgha, grunt_ministairs_6, uniq_psyche
Temple:   nicolae_temple_elliptical

Skill      XL: |  1  2  3  4  5  6  7  8  9 |
---------------+----------------------------+-----
Axes           | 4 5 |  5.5
Fighting       | 4 5 6 7 8 9 |  9.4
Armour         | 2 3 4 6 |  6.3
Throwing       | 1 2 3 5 |  5.3
Dodging        | 4 |  4.2
Polearms       | 2 4 6 8 |  8.7
Ranged Weapons | 1 2 4 |  4.8
Shields        | 2 3 |  3.0
Invocations    | 1 2 |  2.3

Action                     |  1- 3 |  4- 6 |  7- 9 | 10-12 || total
---------------------------+-------+-------+-------+-------++-------
  Melee: Hand axe          |    47 |    39 |       |       ||    86
         Headbutt          |     8 |    14 |    42 |     8 ||    72
         Halberd           |       |    60 |   209 |    69 ||   338
         Trident           |       |       |    24 |       ||    24
   Fire: Longbow           |       |       |    24 |     1 ||    25
  Throw: Dart              |       |     1 |     5 |       ||     6
 Invoke: Heroism           |       |       |     3 |     1 ||     4
    Use: Potion            |       |     1 |     3 |     1 ||     5
         Scroll            |       |     4 |     4 |       ||     8
 Armour: Robe              |    22 |       |       |       ||    22
         Ring mail         |     7 |    12 |       |       ||    19
         Scale mail        |       |    11 |       |       ||    11
         Plate armour      |       |    57 |   294 |    63 ||   414
  Dodge: Dodged            |    37 |    33 |   109 |    11 ||   190
  Block: Buckler           |       |       |     5 |       ||     5
